SAAA
VERMONT LAKE MONSTERS @ ALASKAN HUMPBACKS
09/14/2029
 
TOP OF THE 1ST
Vermont Lake Monsters batting - Pitching for Alaskan Humpbacks : LHP José Reyna
Pitching: LHP José Reyna
Batting: RHB Zelmar Barajas 0-0: Ball
1-0: Ball
2-0: Ball
3-0: Base on Balls
Batting: RHB Showander Descarte 0-0: Ball
1-0: Foul Ball, location: 2F
1-1: Ball
2-1: Ball
3-1: Base on Balls
Zelmar Barajas to second
Batting: RHB Joe Aller 0-0: Ball
1-0: Ball
2-0: Foul Ball, location: 2F
2-1: Foul Ball, location: 2F
2-2: Foul Ball, location: 2F
2-2: Fly out, F9 (Flyball, 89M)
Batting: RHB Juan Báez 0-0: Fly out, F3 (Popup, 34)
Batting: RHB José Alcalá 0-0: Ball
1-0: Ball
2-0: Foul Ball, location: 2F
2-1: Foul Ball, location: 2F
2-2: Foul Ball, location: 2F
2-2: Foul Ball, location: 2F
2-2: Ball
Wild Pitch!
Zelmar Barajas to third
Showander Descarte to second
3-2: Foul Ball, location: 2F
3-2: Foul Ball, location: 2F
3-2: Foul Ball, location: 2F
3-2: Foul Ball, location: 2F
3-2: Base on Balls
Batting: RHB Barkley B. Cooltimes 0-0: Ball
Wild Pitch!
Zelmar Barajas scores
Showander Descarte to third
José Alcalá to second
1-0: Called Strike
1-1: Ball
2-1: DOUBLE (Flyball, 8LD)
Showander Descarte scores
José Alcalá scores
Batting: RHB Justin Smelter 0-0: Called Strike
0-1: Fly out, F5 (Line Drive, 5S)
Top of the 1st over - 3 runs, 1 hit, 0 errors, 1 left on base; Vermont 3 - Alaskan 0
BOTTOM OF THE 1ST
Alaskan Humpbacks batting - Pitching for Vermont Lake Monsters : RHP Santiago López
Pitching: RHP Santiago López
Batting: RHB Gregory Shankland 0-0: Ball
1-0: Ground out 6-3 (Groundball, 6)
Batting: RHB Jesús Torres 0-0: Called Strike
0-1: Ball
1-1: Ball
2-1: Ground out 6-3 (Groundball, 6)
Batting: RHB Urs van Munster 0-0: Called Strike
0-1: Ball
1-1: Ball
2-1: Ball
3-1: Called Strike
3-2: Foul Ball, location: 2F
3-2: DOUBLE (Line Drive, 7LD)
Batting: LHB Miguel Martínez 0-0: Called Strike
0-1: Foul Ball, location: 2F
0-2: Strikes out looking
Bottom of the 1st over - 0 runs, 1 hit, 0 errors, 1 left on base; Vermont 3 - Alaskan 0
TOP OF THE 2ND
Vermont Lake Monsters batting - Pitching for Alaskan Humpbacks : LHP José Reyna
Batting: LHB Brad Tillman 0-0: Swinging Strike
0-1: Ground out 5-3 (Groundball, 56)
Batting: RHB Ryan Elmore 0-0: Ball
1-0: Foul Ball, location: 2F
1-1: SINGLE (Line Drive, 89S)
Batting: RHB Zelmar Barajas 0-0: Foul Ball, location: 2F
0-1: Ball
1-1: Ball
2-1: Swinging Strike
2-2: Fly out, F8 (Flyball, 8LS)
Batting: RHB Showander Descarte 0-0: Ball
1-0: Called Strike
1-1: Ball
2-1: Called Strike
2-2: Ball
3-2: Foul Ball, location: 2F
3-2: Base on Balls
Ryan Elmore to second
Batting: RHB Joe Aller 0-0: SINGLE (Groundball, 56D)
Ryan Elmore to third
Showander Descarte to second
Runner from 3rd tries for Home, SAFE, no throw
Batting: RHB Juan Báez 0-0: Ball
1-0: Ball
2-0: Foul Ball, location: 2F
2-1: Ground out 6-3 (Groundball, 6M)
Top of the 2nd over - 1 run, 2 hits, 0 errors, 2 left on base; Vermont 4 - Alaskan 0
BOTTOM OF THE 2ND
Alaskan Humpbacks batting - Pitching for Vermont Lake Monsters : RHP Santiago López
Batting: RHB Reece Cockin 0-0: Ball
1-0: Swinging Strike
1-1: Foul Ball, location: 2F
1-2: Strikes out swinging
Batting: RHB Jesús Amador 0-0: Foul Ball, location: 2F
0-1: Ball
1-1: Swinging Strike
1-2: Foul Ball, location: 2F
1-2: Strikes out looking
Batting: SHB Evan Adams 0-0: Ball
1-0: Swinging Strike
1-1: Fly out, F9 (Flyball, 9S)
Bottom of the 2nd over - 0 runs, 0 hits, 0 errors, 0 left on base; Vermont 4 - Alaskan 0
TOP OF THE 3RD
Vermont Lake Monsters batting - Pitching for Alaskan Humpbacks : LHP José Reyna
Batting: RHB José Alcalá 0-0: Ball
1-0: Ball
2-0: Fly out, F8 (Line Drive, 8LD)
Batting: RHB Barkley B. Cooltimes 0-0: Foul Ball, location: 2F
0-1: Ball
1-1: Swinging Strike
1-2: Foul Ball, location: 2F
1-2: Foul Ball, location: 2F
1-2: Foul Ball, location: 2F
1-2: Foul Ball, location: 2F
1-2: Foul Ball, location: 2F
1-2: Foul Ball, location: 2F
1-2: Foul Ball, location: 2F
1-2: Ball
2-2: SINGLE (Groundball, 6) (infield hit)
Batting: RHB Justin Smelter 0-0: Swinging Strike
0-1: Called Strike
0-2: Grounds into double play, 6-4-3 (Groundball, 56)
Top of the 3rd over - 0 runs, 1 hit, 0 errors, 0 left on base; Vermont 4 - Alaskan 0
BOTTOM OF THE 3RD
Alaskan Humpbacks batting - Pitching for Vermont Lake Monsters : RHP Santiago López
Batting: LHB Kelly Drijver 0-0: Ground out 4-3 (Groundball, 34)
Batting: RHB Adrian Barr 0-0: Ball
1-0: Ball
2-0: Ground out 6-3 (Groundball, 6)
Batting: RHB Gregory Shankland 0-0: Swinging Strike
0-1: Ball
1-1: Ball
2-1: Ground out 1-3 (Groundball, 13)
Bottom of the 3rd over - 0 runs, 0 hits, 0 errors, 0 left on base; Vermont 4 - Alaskan 0
TOP OF THE 4TH
Vermont Lake Monsters batting - Pitching for Alaskan Humpbacks : LHP José Reyna
Batting: LHB Brad Tillman 0-0: Ball
1-0: Foul Ball, location: 2F
1-1: SINGLE (Groundball, 34D)
Batting: RHB Ryan Elmore 0-0: Called Strike
0-1: Ball
1-1: Ball
2-1: SINGLE (Line Drive, 4MD)
Brad Tillman to second
Batting: RHB Zelmar Barajas 0-0: Ball
1-0: Ball
2-0: Foul Ball, location: 2F
2-1: Foul Ball, location: 2F
2-2: Strikes out looking
Batting: RHB Showander Descarte 0-0: Ball
1-0: Ball
2-0: Called Strike
2-1: Called Strike
2-2: SINGLE (Line Drive, 4D)
Brad Tillman to third
Ryan Elmore to second
Runner from 3rd tries for Home, SAFE, no throw
Batting: RHB Joe Aller 0-0: Swinging Strike
0-1: Fly out, F8 (Flyball, 8LD)
Batting: RHB Juan Báez 0-0: Foul Ball, location: 2F
0-1: Ground out 4-3 (Groundball, 4)
Top of the 4th over - 1 run, 3 hits, 0 errors, 2 left on base; Vermont 5 - Alaskan 0
BOTTOM OF THE 4TH
Alaskan Humpbacks batting - Pitching for Vermont Lake Monsters : RHP Santiago López
Batting: RHB Jesús Torres 0-0: Called Strike
0-1: Foul Ball, location: 2F
0-2: Ball
1-2: Ball
2-2: Foul Ball, location: 2F
2-2: Fly out, F8 (Flyball, 8LD)
Batting: RHB Urs van Munster 0-0: Ball
1-0: Fly out, F9 (Flyball, 89M)
Batting: LHB Miguel Martínez 0-0: Called Strike
0-1: SINGLE (Line Drive, 9S)
Batting: RHB Reece Cockin 0-0: Fly out, F3 (Popup, 34S)
Bottom of the 4th over - 0 runs, 1 hit, 0 errors, 1 left on base; Vermont 5 - Alaskan 0
TOP OF THE 5TH
Vermont Lake Monsters batting - Pitching for Alaskan Humpbacks : LHP José Reyna
Batting: RHB José Alcalá 0-0: Swinging Strike
0-1: Swinging Strike
0-2: Ball
1-2: DOUBLE (Flyball, 78D)
Batting: RHB Barkley B. Cooltimes 0-0: Swinging Strike
0-1: Swinging Strike
0-2: Reached on error, E7 (Flyball, 7D)
José Alcalá scores
Batting: RHB Justin Smelter 0-0: Ball
1-0: Swinging Strike
1-1: Ground out 6-3 (Groundball, 56)
Batting: LHB Brad Tillman 0-0: Ball
1-0: Foul Ball, location: 2F
1-1: Ground out 4-3 (Groundball, 4M)
Barkley B. Cooltimes to third
Pitching: RHP Juan Sánchez
Batting: RHB Ryan Elmore 0-0: Called Strike
0-1: Ball
1-1: Ball
2-1: Ball
3-1: SINGLE (Line Drive, 9S)
Barkley B. Cooltimes scores
Batting: RHB Zelmar Barajas 0-0: Ball
1-0: Ball
2-0: SINGLE (Groundball, 56D)
Ryan Elmore to second
Batting: RHB Showander Descarte 0-0: Ground out 1-3 (Groundball, 13S)
Top of the 5th over - 2 runs, 3 hits, 1 error, 2 left on base; Vermont 7 - Alaskan 0
BOTTOM OF THE 5TH
Alaskan Humpbacks batting - Pitching for Vermont Lake Monsters : RHP Santiago López
Batting: RHB Jesús Amador 0-0: Ball
1-0: Swinging Strike
1-1: Ball
2-1: Foul Ball, location: 2F
2-2: Ground out 4-3 (Groundball, 34D)
Batting: SHB Evan Adams 0-0: Called Strike
0-1: Ball
1-1: Ground out 4-3 (Groundball, 4)
Batting: LHB Kelly Drijver 0-0: Ball
1-0: Foul Ball, location: 2F
1-1: Swinging Strike
1-2: Ball
2-2: Strikes out swinging
Bottom of the 5th over - 0 runs, 0 hits, 0 errors, 0 left on base; Vermont 7 - Alaskan 0
TOP OF THE 6TH
Vermont Lake Monsters batting - Pitching for Alaskan Humpbacks : RHP Juan Sánchez
Batting: RHB Joe Aller 0-0: Ground out 5-3 (Groundball, 56)
Batting: RHB Juan Báez 0-0: Ground out 6-3 (Groundball, 6)
Batting: RHB José Alcalá 0-0: Ball
1-0: Ball
2-0: Foul Ball, location: 2F
2-1: Foul Ball, location: 2F
2-2: Strikes out swinging
Top of the 6th over - 0 runs, 0 hits, 0 errors, 0 left on base; Vermont 7 - Alaskan 0
BOTTOM OF THE 6TH
Alaskan Humpbacks batting - Pitching for Vermont Lake Monsters : RHP Santiago López
Batting: RHB Adrian Barr 0-0: Ball
1-0: Ball
2-0: Ball
3-0: Called Strike
3-1: Ground out U3 (Groundball, 3L)
Batting: RHB Gregory Shankland 0-0: Ball
1-0: Ball
2-0: Foul Ball, location: 2F
2-1: Ball
3-1: Called Strike
3-2: SINGLE (Line Drive, 34)
Batting: RHB Jesús Torres 0-0: Fielders Choice at 2nd, 4-6 (Groundball, 4)
Batting: RHB Urs van Munster 0-0: Foul Ball, location: 2F
0-1: Ball
1-1: Fly out, F7 (Line Drive, 78M)
Bottom of the 6th over - 0 runs, 1 hit, 0 errors, 1 left on base; Vermont 7 - Alaskan 0
TOP OF THE 7TH
Vermont Lake Monsters batting - Pitching for Alaskan Humpbacks : RHP Juan Sánchez
Batting: RHB Barkley B. Cooltimes 0-0: Ball
1-0: Called Strike
1-1: Ball
2-1: Ball
3-1: SOLO HOME RUN (Flyball, 7D), Distance : 386 ft
Batting: RHB Justin Smelter 0-0: Ball
1-0: Swinging Strike
1-1: Foul Ball, location: 2F
1-2: Ball
2-2: Ball
3-2: Foul Ball, location: 2F
3-2: Fly out, F9 (Line Drive, 9S)
Batting: LHB Brad Tillman 0-0: Swinging Strike
0-1: Fly out, F8 (Flyball, 8LD)
Batting: RHB Ryan Elmore 0-0: SINGLE (Line Drive, 6MD)
Batting: RHB Zelmar Barajas 0-0: Ball
1-0: Ball
2-0: Fly out, F7 (Flyball, 78M)
Top of the 7th over - 1 run, 2 hits, 0 errors, 1 left on base; Vermont 8 - Alaskan 0
BOTTOM OF THE 7TH
Alaskan Humpbacks batting - Pitching for Vermont Lake Monsters : RHP Santiago López
Batting: LHB Miguel Martínez 0-0: Fly out, F8 (Flyball, 8LS)
Batting: RHB Reece Cockin 0-0: Called Strike
0-1: Ball
1-1: Foul Ball, location: 2F
1-2: Foul Ball, location: 2F
1-2: Ball
2-2: Ball
3-2: Ground out 1-3 (Groundball, 15S)
Batting: RHB Jesús Amador 0-0: Ball
1-0: Ball
2-0: Ball
3-0: Base on Balls
Batting: SHB Evan Adams 0-0: Ball
1-0: Ground out 4-3 (Groundball, 34)
Bottom of the 7th over - 0 runs, 0 hits, 0 errors, 1 left on base; Vermont 8 - Alaskan 0
TOP OF THE 8TH
Vermont Lake Monsters batting - Pitching for Alaskan Humpbacks : RHP Juan Sánchez
Batting: RHB Showander Descarte 0-0: Ball
1-0: Ball
2-0: Ball
3-0: Base on Balls
Batting: RHB Joe Aller 0-0: Called Strike
0-1: Called Strike
0-2: Ball
1-2: Fielders Choice at 2nd, 6-4 (Groundball, 6)
Batting: RHB Juan Báez 0-0: Foul Ball, location: 2F
0-1: Ball
1-1: Ground out 5-3 (Groundball, 56S)
Joe Aller to second
Batting: RHB José Alcalá 0-0: Ball
1-0: Ball
2-0: Foul Ball, location: 2F
2-1: Swinging Strike
2-2: Ball
3-2: Strikes out swinging
Top of the 8th over - 0 runs, 0 hits, 0 errors, 1 left on base; Vermont 8 - Alaskan 0
BOTTOM OF THE 8TH
Alaskan Humpbacks batting - Pitching for Vermont Lake Monsters : RHP Santiago López
Batting: LHB Kelly Drijver 0-0: Ball
1-0: Fly out, F5 (Line Drive, 5)
Batting: RHB Adrian Barr 0-0: Ball
1-0: Called Strike
1-1: Foul Ball, location: 2F
1-2: Strikes out swinging
Batting: RHB Gregory Shankland 0-0: Ground out 5-3 (Groundball, 56)
Bottom of the 8th over - 0 runs, 0 hits, 0 errors, 0 left on base; Vermont 8 - Alaskan 0
TOP OF THE 9TH
Vermont Lake Monsters batting - Pitching for Alaskan Humpbacks : RHP Juan Sánchez
Batting: RHB Barkley B. Cooltimes 0-0: Ball
1-0: Fly out, F6 (Popup, 6MD)
Pitching: LHP Billy Grange
Batting: RHB Justin Smelter 0-0: Ball
1-0: Swinging Strike
1-1: Ball
2-1: Foul Ball, location: 2F
2-2: Foul Ball, location: 2F
2-2: Foul Ball, location: 2F
2-2: Foul Ball, location: 2F
2-2: Ball
3-2: Base on Balls
Batting: LHB Brad Tillman 0-0: Called Strike
0-1: Ball
1-1: Ball
2-1: Swinging Strike
2-2: Fielders Choice at 2nd, 4-6 (Groundball, 4)
Batting: RHB Ryan Elmore 0-0: Ground out 4-3 (Groundball, 4M)
Top of the 9th over - 0 runs, 0 hits, 0 errors, 1 left on base; Vermont 8 - Alaskan 0
BOTTOM OF THE 9TH
Alaskan Humpbacks batting - Pitching for Vermont Lake Monsters : RHP Santiago López
Batting: RHB Jesús Torres 0-0: Fly out, F5 (Line Drive, 5)
Batting: RHB Urs van Munster 0-0: Ball
1-0: Fly out, F9 (Line Drive, 9)
Batting: LHB Miguel Martínez 0-0: Ground out 1-3 (Groundball, 15)
Bottom of the 9th over - 0 runs, 0 hits, 0 errors, 0 left on base; Vermont 8 - Alaskan 0
Tuesday, December 19th, 2017 - OOTP Baseball 18.8 Build 76